[Event "Early-Titled-Tuesday-Blitz-May-07-2024"]
[Site "Chess.com"]
[Date "2024.05.07"]
[Round "4"]
[White "Shota_Azaladze"]
[Black "DrVelja"]
[Result "0-1"]
[WhiteElo "2724"]
[BlackElo "2955"]
[TimeControl "180+1"]
[EndTime "8:42:09 PDT"]
[Termination "DrVelja won by resignation"]

1. Nf3 d5 2. g3 Nc6 3. Bg2 e5 4. d3 f6 5. e4 d4 6. h4 Be6 7. h5 Qd7 8. Nh4 Nge7 9. f4 exf4 10. gxf4 f5 11. e5 Nd5 12. Qe2 O-O-O 13. a3 g5 14. fxg5 f4 15. Nd2 Ne3 16. Ndf3 Bc5 17. b4 Bb6 18. b5 Ne7 19. a4 Ba5+ 20. Bd2 Nxc2+ 21. Kf2 Bxd2 22. Qxd2 Nxa1 23. Rxa1 Nd5 24. Bh1 Ne3 25. Rc1 Bd5 26. Qb4 Qg4 27. Rg1 Qd7 28. Qxd4 Ng4+ 29. Ke1 Kb8 30. Kd2 Rhe8 31. Kc3 Ne3 32. g6 Qe7 33.
Qb4 Qe6 34. Nd4 Qxe5 35. Nf3 Bxf3 36. Bxf3 Nf5 37. g7 Nxd4 38. Be4 Ne2+ 39. Kd2 Nxg1 40.
Qc4 Qxe4 41. g8=Q Qe2+ 42. Kc3 Rxg8 43. Qxc7+ Kxc7 0-1

[Event "Early-Titled-Tuesday-Blitz-May-07-2024"]
[Site "Chess.com"]
[Date "2024.05.07"]
[Round "4"]
[White "PonyQueen07"]
[Black "RebecaJimnz"]
[Result "1-0"]
[WhiteElo "2145"]
[BlackElo "2294"]
[TimeControl "180+1"]
[EndTime "8:42:09 PDT"]
[Termination "PonyQueen07 won by checkmate"]

1. c4 c5 2. Nc3 Nc6 3. g3 g6 4. Bg2 Bg7 5. e4 d6 6. Nge2 e5 7. O-O Be6 8. d3 Qd7 9. Nd5 O-O-O 10. a3 Bh3 11. b4 h5 12. bxc5 dxc5 13. Bxh3 Qxh3 14.
Kh1 h4 15. Ng1 Qd7 16. Be3 hxg3 17. fxg3 b6 18. Qa4 Nh6 19. Kg2 Ng4 20. Nf3 Nxe3+ 21.
Nxe3 Qxd3 22. Qxc6+ Kb8 23. Nd5 Qxe4 24. Rab1 Qc2+ 25. Kg1 Rxh2 26. Rxb6+ axb6 27. Qxb6+ Ka8 28. Nc7# 1-0

[Event "Early-Titled-Tuesday-Blitz-May-07-2024"]
[Site "Chess.com"]
[Date "2024.05.07"]
[Round "4"]
[White "K_A_S_T_O_R"]
[Black "Statham_01"]
[Result "0-1"]
[WhiteElo "2868"]
[BlackElo "2676"]
[TimeControl "180+1"]
[EndTime "8:42:11 PDT"]
[Termination "Statham_01 won by resignation"]

1. e4 e5 2. Nf3 Nc6 3. Bb5 a6 4.
Ba4 Nf6 5. O-O b5 6. Bb3 Bb7 7. d3 Bc5 8. c3 O-O 9. a4 d5 10. Bg5 dxe4 11. Bxf6 Qxf6 12. dxe4 Rad8 13. Qe2 b4 14.
Bd5 a5 15. Nbd2 Rfe8 16. Nb3 Bb6 17. cxb4 axb4 18. a5 Ba7 19. Qb5 Ba8 20. Rac1 Nd4 21. Nbxd4 Bxd5 22. exd5 Bxd4 23. Nxd4 exd4 24. Rxc7 Re5 25.
Qxb4 Rexd5 26. Qd2 d3 27. Rfc1 h5 28. Rc8 Rxc8 29.
Rxc8+ Kh7 30. Rc1 Qa6 31. b4 Re5 32. Rd1 Re2 33. Qg5 d2 34. Qxh5+ Kg8 35. h4 Re1+ 36.
Kh2 Qd6+ 37. g3 Qd4 38. Rxd2 Qxd2 39. Qf5 Qxb4 40. Qc8+ Qf8 41. Qc3 Qe8 42. a6 Qe4 43. f3 Qe2+ 44. Kh3 Rh1+ 45. Kg4 Qe6+ 46. Kf4 Qxa6 47. Qc8+ Qxc8 0-1

[Event "Early-Titled-Tuesday-Blitz-May-07-2024"]
[Site "Chess.com"]
[Date "2024.05.07"]
[Round "4"]
[White "Pintacara"]
[Black "DvaHrasta"]
[Result "0-1"]
[WhiteElo "2689"]
[BlackElo "2453"]
[TimeControl "180+1"]
[EndTime "8:42:11 PDT"]
[Termination "DvaHrasta won on time"]

1. d4 Nf6 2. Bg5 c5 3. d5 Qb6 4.
Nc3 Qxb2 5. Bd2 Qb6 6. e4 e5 7.
dxe6 dxe6 8. Nf3 Nc6 9. Bc4 Be7 10. O-O O-O 11. e5 Nd7 12. Re1 a6 13. Rb1 Qc7 14.
Bf4 b5 15. Bd3 Rd8 16. Qe2 Bb7 17.
Bg3 c4 18. Be4 Nc5 19. a3 Rd7 20. h4 Rad8 21. Qe3 Nd4 22. Nxd4 Rxd4 23. Bxb7 Qxb7 24.
Ne2 Re4 25. Qf3 Rd2 26. Nf4 Rxe1+ 27. Rxe1 Qxf3 28. gxf3 h6 29. h5 Bg5 30. Ng2 Rxc2 31. f4 Be7 32. Rd1 Nd3 33. Ne3 Rc1 34. Rxc1 Nxc1 35.
f5 Bxa3 36. f4 Nd3 37. fxe6 fxe6 38. f5 Bc5 39. fxe6 Bxe3+ 40. Kf1 Bc5 41. Bh4 Kf8 0-1

[Event "Early-Titled-Tuesday-Blitz-May-07-2024"]
[Site "Chess.com"]
[Date "2024.05.07"]
[Round "4"]
[White "legendisback1"]
[Black "Mikhail_Golubev"]
[Result "1-0"]
[WhiteElo "2979"]
[BlackElo "2619"]
[TimeControl "180+1"]
[EndTime "8:42:12 PDT"]
[Termination "legendisback1 won on time"]

1. d4 Nf6 2. c4 d6 3. Nf3 g6 4. Nc3 Bg7 5. e4 O-O 6. Be2 e5 7. O-O h6 8. dxe5 dxe5 9. Be3 Nbd7 10. h3 c6 11. Qd2 Kh7 12. Rfd1 Re8 13. c5 Qe7 14. b4 a5 15. a3 axb4 16. axb4 Rxa1 17.
Rxa1 Nf8 18. Ra7 Ne6 19. Nxe5 Nxe4 20. Nxe4 Bxe5 21. Bxh6 Rd8 22. Qc1 Nd4 23. Bf1 Bf5 24. Ng5+ Kxh6 25. Nxf7+ Kg7 26. Nxd8 Qxd8 27. Rxb7+ Kf6 28.
Qh6 Bc7 29. Qh4+ g5 30. Qh6+ Bg6 31. h4 Ne6 32. h5 Nf4 33. hxg6 1-0

[Event "Early-Titled-Tuesday-Blitz-May-07-2024"]
[Site "Chess.com"]
[Date "2024.05.07"]
[Round "4"]
[White "MatthewG-p4p"]
[Black "Phuzer"]
[Result "0-1"]
[WhiteElo "2869"]
[BlackElo "2608"]
[TimeControl "180+1"]
[EndTime "8:42:12 PDT"]
[Termination "Phuzer won by resignation"]

1. e4 e5 2. Nf3 Nc6 3. d4 exd4 4. c3 d5 5. exd5 Qxd5 6. cxd4 Bg4 7. Be2 Bb4+ 8. Nc3 Bxf3 9. Bxf3 Qc4 10. a3 Bxc3+ 11. bxc3 Qxc3+ 12. Bd2 Qxd4 13. Bxc6+ bxc6 14. Qe2+ Ne7 15. Rd1 Qd7 16. O-O Qe6 17. Rfe1 Qxe2 18. Rxe2 Rd8 19.
Rde1 O-O 20. Bb4 Nd5 21. Bxf8 Kxf8 22. Rc2 Rd6 23. Rec1 Ne7 24. Rb2 Ke8 25. Rb7 Kd7 26. Rxa7 Rd2 27. Ra1 c5 28. a4 c4 29. Ra5 Kd6 30. Rc1 c3 31. Kf1 Nd5 32. Ra8 Kc5 33.
a5 Ra2 34. a6 Kc4 35. a7 c5 36.
g3 Nc7 37. Rf8 Rxa7 38. Rxf7 Nb5 39. Rxa7 Nxa7 40. Ke2 Nb5 41. h4 Nd4+ 42. Kd1 Kd3 43. h5 c2+ 44. Ke1 Nb3 45. Rxc2 Kxc2 46. g4 Kd3 47. f4 Ke4 48. f5 Ke5 49. Ke2 Nd4+ 50. Ke3 Nxf5+ 51. gxf5 Kxf5 52. h6 gxh6 0-1

[Event "Early-Titled-Tuesday-Blitz-May-07-2024"]
[Site "Chess.com"]
[Date "2024.05.07"]
[Round "4"]
[White "Nechitaylo_Nikita"]
[Black "biveklama"]
[Result "0-1"]
[WhiteElo "2355"]
[BlackElo "2540"]
[TimeControl "180+1"]
[EndTime "8:42:12 PDT"]
[Termination "biveklama won on time"]

1. d4 d5 2. c4 c6 3. cxd5 cxd5 4. Bf4 Nf6 5. e3 Nc6 6. Nc3 Bf5 7. Qb3 Na5 8. Qa4+ Bd7 9. Qc2 Rc8 10. Bd3 e6 11. Nf3 Nh5 12. Be5 f6 13. Bxh7 Bb4 14. Qg6+ Kf8 15. Qxh5 Be8 16. Qg4 Rxh7 17. O-O fxe5 18.
Ng5 Rh6 19. Nxe6+ Rxe6 20. Qxe6 Bf7 21. Qxe5 Nc4 22. Qf5 Nxb2 23. Nxd5 Ba3 24. Nf4 Kg8 25. Rac1 Nc4 26. Rc2 Nd6 27. Rxc8 Nxc8 28. d5 Nd6 29. Qe5 Nc4 30. Qd4 b5 31. Ne6 Qf6 32. Qxf6 gxf6 33.
Nc7 b4 34. e4 a5 35. f4 a4 36.
Re1 b3 37. axb3 axb3 38. e5 fxe5 39. fxe5 Bc5+ 40. Kf1 Bg6 41. d6 Bd3+ 42. Re2 b2 0-1

[Event "Early-Titled-Tuesday-Blitz-May-07-2024"]
[Site "Chess.com"]
[Date "2024.05.07"]
[Round "4"]
[White "Skatchkov_V"]
[Black "FollowRivers"]
[Result "1/2-1/2"]
[WhiteElo "2622"]
[BlackElo "2454"]
[TimeControl "180+1"]
[EndTime "8:42:13 PDT"]
[Termination "Game drawn - insufficient material"]

1. d4 Nf6 2. c4 g6 3. Nc3 Bg7 4. e4 d6 5. h3 O-O 6. Bg5 c5 7. d5 h6 8. Be3 e6 9. Qd2 h5 10.
Bd3 exd5 11. exd5 Re8 12. Nf3 Nbd7 13. O-O a6 14. a4 Nh7 15. Rae1 Ne5 16. Nxe5 Bxe5 17.
Bf4 Bxf4 18. Qxf4 Rxe1 19. Rxe1 Nf6 20. Qg5 Kg7 21. Ne4 Bf5 22. Nxf6 Qxf6 23. Qxf6+ Kxf6 24. Bxf5 gxf5 25. a5 b6 26. axb6 Rb8 27. b3 Rxb6 28. Re3 a5 29. f4 Rb4 30. Rc3 h4 31. Kf2 a4 32. bxa4 Rxa4 33. g3 Ra2+ 34. Kf3 hxg3 35. Kxg3 Ra1 36. Kh4 Rf1 37. Kg3 Rg1+ 38. Kf2 Rh1 39. Ke2 Rh2+ 40. Kf1 Rh1+ 41. Kg2 Rd1 42. h4 Rd4 43. Kg3 Rd1 44. Ra3 Rc1 45.
Ra4 Rc3+ 46. Kg2 Kg6 47. Ra6 Rxc4 48. Rxd6+ f6 49. Rd7 Rxf4 50. Kg3 Rg4+ 51. Kh3 Rd4 52. d6 Rd3+ 53. Kg2 c4 54. Kf2 c3 55. Ke2 Rd5 56.
Rc7 Rxd6 57. Rxc3 Rd4 58. Rg3+ Rg4 59. Kf3 Kh5 60. Rh3 Ra4 61. Rh1 Rxh4 62. Rxh4+ Kxh4 63. Kf4 Kh5 64. Kxf5 Kh6 65. Kxf6 1/2-1/2

[Event "Early-Titled-Tuesday-Blitz-May-07-2024"]
[Site "Chess.com"]
[Date "2024.05.07"]
[Round "4"]
[White "Sadykov_Ramil"]
[Black "ChessSG1"]
[Result "0-1"]
[WhiteElo "2601"]
[BlackElo "2454"]
[TimeControl "180+1"]
[EndTime "8:42:14 PDT"]
[Termination "ChessSG1 won by resignation"]

1. Nf3 c5 2. c4 g6 3. d4 cxd4 4. Nxd4 Nc6 5. e4 Bg7 6. Be3 Nf6 7. Nc3 d6 8. Be2 O-O 9. O-O Bd7 10. Rc1 Nxd4 11. Bxd4 Bc6 12. f3 a5 13. Nd5 Nxd5 14. exd5 Bd7 15. Bxg7 Kxg7 16. Qd4+ Kg8 17. Rf2 Rc8 18. Re1 e5 19. dxe6 Bxe6 20. Bf1 Qc7 21. Rd2 Qc5 22. b3 a4 23. Kh1 Rfd8 24. Red1 axb3 25. Qxc5 Rxc5 26. axb3 b5 27. b4 Rc6 28. c5 Bc4 29. Bxc4 bxc4 30. Rd4 c3 31. cxd6 c2 32. Rc1 Rcxd6 33. Rxd6 Rxd6 0-1

[Event "Early-Titled-Tuesday-Blitz-May-07-2024"]
[Site "Chess.com"]
[Date "2024.05.07"]
[Round "4"]
[White "Goffredo_Fofi"]
[Black "Acva-Alenok"]
[Result "1-0"]
[WhiteElo "2524"]
[BlackElo "2336"]
[TimeControl "180+1"]
[EndTime "8:42:15 PDT"]
[Termination "Goffredo_Fofi won by resignation"]

1. e4 c6 2. Nf3 d5 3. d3 Nf6 4.
e5 Nfd7 5. d4 e6 6. Bd3 c5 7. c3 Nc6 8. O-O Qb6 9. Bc2 Be7 10.
a3 h6 11. Re1 g5 12. h3 Rg8 13. b4 cxd4 14. cxd4 h5 15. Be3 g4 16. hxg4 hxg4 17. Nh2 g3 18. fxg3 a5 19. b5 Qxb5 20. Nc3 Qa6 21. Bd3 Qa7 22. Nb5 Qb8 23. Qf3 Nd8 24. Ng4 b6 25. Rf1 Ba6 26. Rac1 Bxb5 27. Bxb5 Qb7 28.
Nf6+ Bxf6 29. Qxf6 Rc8 30. Bg5 Nc6 31. Bxc6 1-0

[Event "Early-Titled-Tuesday-Blitz-May-07-2024"]
[Site "Chess.com"]
[Date "2024.05.07"]
[Round "4"]
[White "Anton_Demchenko"]
[Black "Meri-Arabidze"]
[Result "1-0"]
[WhiteElo "2929"]
[BlackElo "2697"]
[TimeControl "180+1"]
[EndTime "8:42:16 PDT"]
[Termination "Anton_Demchenko won on time"]

1. a3 g6 2. Nf3 Bg7 3. d4 d6 4. e4 Nd7 5. Bc4 e6 6. Bb3 Ne7 7. Nbd2 h6 8. c3 a6 9. O-O b5 10. Re1 Bb7 11. Nf1 O-O 12. Ng3 c5 13. h3 Rc8 14.
Be3 e5 15. Qd2 Kh7 16. Rad1 c4 17. Bc2 d5 18. dxe5 Nxe5 19. Nxe5 Bxe5 20. Bxh6 Re8 21.
Bf4 Qc7 22. Bxe5 Qxe5 23. f4 Qc7 24. e5 Rcd8 25. Qf2 Bc8 26. f5 Nxf5 27. Nxf5 Bxf5 28. Bxf5 gxf5 29. Qxf5+ Kg8 30. Rd4 Re6 31. Rg4+ Kf8 32. Rh4 Ke7 33. Rh7 Rf8 34. Kh1 Qb8 35. Rh5 Ke8 36.
Rf1 a5 37. Qf2 Qc7 38. Qd4 Ke7 39. Rhf5 Qc6 40. Qa7+ Qd7 41. Rxf7+ 1-0

[Event "Early-Titled-Tuesday-Blitz-May-07-2024"]
[Site "Chess.com"]
[Date "2024.05.07"]
[Round "4"]
[White "ScofieldMichael01"]
[Black "francyIM"]
[Result "0-1"]
[WhiteElo "2569"]
[BlackElo "2804"]
[TimeControl "180+1"]
[EndTime "8:42:16 PDT"]
[Termination "francyIM won by resignation"]

1. e4 e5 2. Nc3 Nf6 3. f4 d5 4. fxe5 Nxe4 5. Qf3 f5 6. d3 Nxc3 7. bxc3 d4 8. Qg3 Nc6 9. Be2 Be6 10. c4 Bb4+ 11.
Kd1 Qd7 12. Bf3 O-O-O 13. Rb1 Bc5 14. Rb5 b6 15. Nh3 h6 16. Nf4 g5 17. Nxe6 Qxe6 18. Bd5 Rxd5 19. cxd5 Qxd5 20. Re1 a6 21. Rb2 Re8 22.
Qh3 Qe6 23. Qf3 Kb8 24. h4 g4 25. Qf4 h5 26. Qh6 Qxh6 27. Bxh6 Rxe5 28. Bf4 Rxe1+ 29. Kxe1 Ne7 30. Kf2 Ng6 31. Bg5 Kc8 32. Rb1 Kd7 33. Re1 Bd6 34. g3 Ne5 35. Bf4 Nf3 36. Re2 Bb4 37. Bg5 a5 38. Bc1 a4 39. a3 Bd6 40.
Bb2 b5 41. Bc1 c5 42. Bb2 c4 43. dxc4 bxc4 44. Bc1 Bc5 45. Kf1 d3 46. cxd3 cxd3 47. Rg2 Ke6 48. Bb2 Kd5 49. Bc1 Kc4 50. Bf4 Bxa3 51. Ra2 Kb3 52. Ra1 Bb2 53. Rd1 Kc2 0-1

[Event "Early-Titled-Tuesday-Blitz-May-07-2024"]
[Site "Chess.com"]
[Date "2024.05.07"]
[Round "4"]
[White "kekic76"]
[Black "kacperkarwowski"]
[Result "0-1"]
[WhiteElo "2345"]
[BlackElo "2530"]
[TimeControl "180+1"]
[EndTime "8:42:16 PDT"]
[Termination "kacperkarwowski won on time"]

1. c4 e6 2. Nc3 d5 3. cxd5 exd5 4.
d4 a6 5. Bf4 c6 6. Nf3 Bd6 7.
Bxd6 Qxd6 8. e3 Ne7 9. Bd3 Bf5 10. O-O O-O 11. a3 Nd7 12. b4 b5 13. Rc1 Nb6 14. Ne5 f6 15. Nf3 Bxd3 16. Qxd3 Nc4 17. Nb1 a5 18. Qb3 axb4 19. axb4 Ra4 20. Nbd2 Qxb4 21.
Qd3 Ra3 22. Qe2 Ra2 23. Rfd1 Nf5 24. Qe1 Nfd6 25. Rb1 Qa4 26. Nb3 Ne4 27. Nfd2 Ncxd2 28.
Nxd2 Nc3 29. Ra1 Nxd1 30. Rxa2 Qxa2 31. Qxd1 Ra8 32. Nb3 Ra3 33. Nc5 Qb2 34. Nd3 Qc3 35.
Nc1 Ra1 0-1

[Event "Early-Titled-Tuesday-Blitz-May-07-2024"]
[Site "Chess.com"]
[Date "2024.05.07"]
[Round "4"]
[White "stratacticos"]
[Black "klercaku"]
[Result "0-1"]
[WhiteElo "1832"]
[BlackElo "2255"]
[TimeControl "180+1"]
[EndTime "8:42:16 PDT"]
[Termination "klercaku won by resignation"]

1. b4 e5 2. Bb2 d6 3. c4 f5 4. e4 fxe4 5. d3 exd3 6. Bxd3 Nf6 7. Nf3 Bg4 8. h3 Bh5 9. g4 Bf7 10. Ng5 h6 11. Nxf7 Kxf7 12. Qc2 e4 13. Bxe4 Nxe4 14. Qxe4 Qe7 15. Nc3 Nc6 16. a3 Re8 17. Qxe7+ Bxe7 18. O-O Bf6 19. Rab1 Nd4 20. Nd5 Nf3+ 21. Kg2 Nd2 22. Bxf6 gxf6 23. Nxc7 Rc8 24. Nb5 Rc6 25. Rbd1 Nxf1 26.
Kxf1 Rd8 27. Nxa7 Rxc4 28. Nb5 d5 29. Kg2 d4 30. Rd3 Rd5 31. h4 Rxb5 0-1

[Event "Early-Titled-Tuesday-Blitz-May-07-2024"]
[Site "Chess.com"]
[Date "2024.05.07"]
[Round "4"]
[White "VD_coach"]
[Black "Kiborg95"]
[Result "0-1"]
[WhiteElo "2608"]
[BlackElo "2840"]
[TimeControl "180+1"]
[EndTime "8:42:17 PDT"]
[Termination "Kiborg95 won on time"]

1. d4 d6 2. Nf3 Nf6 3. c4 Nbd7 4.
Nc3 e5 5. g3 c6 6. Bg2 e4 7.
Nd2 d5 8. O-O Bb4 9. cxd5 cxd5 10. Qb3 Bxc3 11. bxc3 O-O 12. c4 Re8 13. cxd5 Nb6 14.
Nc4 Nxc4 15. Qxc4 Nxd5 16. Rb1 b6 17. e3 Bg4 18. Bd2 Qd7 19. Rbc1 Rad8 20. a4 Qf5 21. a5 Qh5 22. axb6 Be2 23. Qc6 Bxf1 24. Bxf1 axb6 25. Bc4 Re6 26. Qb5 h6 27. Bf1 Qg6 28. Ra1 Rc6 29. Ra2 Qe6 30. h3 Rdc8 31. Ra7 Rc2 32.
Be1 Rc1 33. Bd2 Rd1 34. Qe2 Rb1 35. Ra2 Qxh3 36. Be1 Qe6 37. Kg2 Rcc1 0-1

[Event "Early-Titled-Tuesday-Blitz-May-07-2024"]
[Site "Chess.com"]
[Date "2024.05.07"]
[Round "4"]
[White "santosalberto1987"]
[Black "GMAkobianSTL"]
[Result "0-1"]
[WhiteElo "2571"]
[BlackElo "2806"]
[TimeControl "180+1"]
[EndTime "8:42:17 PDT"]
[Termination "GMAkobianSTL won on time"]

1. e4 d6 2. d4 Nf6 3. Nc3 c6 4. Be3 Ng4 5. Bg5 Qb6 6. a3 e5 7. Nf3 Nd7 8. h3 Ngf6 9. Be3 Qc7 10. Bc4 b5 11. Bb3 Be7 12. O-O O-O 13. d5 Bb7 14. dxc6 Bxc6 15. Nd5 Nxd5 16. exd5 Bb7 17. Qe2 Nc5 18.
Bxc5 Qxc5 19. Qd2 a5 20. c3 a4 21. Ba2 g6 22. Rad1 Kg7 23. Qe3 Qxe3 24. fxe3 f5 25.
g3 Rac8 26. Kg2 h6 27. h4 Bd8 28. Nd2 e4 29. c4 Ba5 30. b4 axb3 31. Nxb3 Bb6 32.
Nd4 Bxd4 33. Rxd4 bxc4 34. Rb1 Ba6 35. Rc1 Rc5 36. g4 Rb8 37. Rc2 c3 38. Rb4 Rxb4 39. axb4 Rc7 40. gxf5 gxf5 41. Kf2 Bd3 42. Rc1 Kf6 43. Bb3 Ke5 44. Ke1 f4 45. exf4+ Kxf4 46. Bd1 Ke3 47. Bc2 Rg7 48. Bxd3 exd3 0-1

[Event "Early-Titled-Tuesday-Blitz-May-07-2024"]
[Site "Chess.com"]
[Date "2024.05.07"]
[Round "4"]
[White "Shuvalov"]
[Black "vanyakuba"]
[Result "0-1"]
[WhiteElo "2577"]
[BlackElo "2418"]
[TimeControl "180+1"]
[EndTime "8:42:18 PDT"]
[Termination "vanyakuba won by resignation"]

1. d4 d5 2. c4 e6 3. Nf3 c5 4. e3 Nf6 5. Nc3 a6 6. b3 Nc6 7.
Bb2 cxd4 8. exd4 Bb4 9. a3 Bxc3+ 10. Bxc3 Ne4 11. Bb2 dxc4 12. bxc4 Qa5+ 13. Nd2 O-O 14. Bd3 Nxd2 15. Qxd2 Qxd2+ 16. Kxd2 Rd8 17. Ke3 Bd7 18. Rhd1 Rac8 19. Rac1 Na5 20. f4 b5 21. c5 Bc6 22. g4 Rd7 23. Be4 Nc4+ 24. Rxc4 bxc4 25. Bxc6 Rxc6 26. Bc3 Rxc5 27. dxc5 Rxd1 28. c6 Rd6 29. c7 Rc6 30. Ba5 c3 31. Kd3 c2 32.
Bd2 c1=Q 33. Bxc1 Rxc1 0-1

[Event "Early-Titled-Tuesday-Blitz-May-07-2024"]
[Site "Chess.com"]
[Date "2024.05.07"]
[Round "4"]
[White "super_emi_26"]
[Black "wonderfultime"]
[Result "0-1"]
[WhiteElo "2885"]
[BlackElo "3104"]
[TimeControl "180+1"]
[EndTime "8:42:19 PDT"]
[Termination "wonderfultime won by resignation"]

1. d4 d5 2. c4 c6 3. cxd5 cxd5 4.
Nc3 Nf6 5. Bf4 Nc6 6. e3 a6 7. Rc1 Bf5 8. Nf3 Rc8 9. Be2 e6 10. Qb3 Na5 11. Qa4+ b5 12. Qd1 Nc4 13. b3 Na3 14.
O-O Bb4 15. Nb1 Nxb1 16. Rxb1 Bxb1 17. Qxb1 O-O 18. Bd3 h6 19. Ne5 Nd7 20. Nf3 Qe7 21. a4 bxa4 22. bxa4 a5 23. h3 Rc3 24. Bb5 Rfc8 25.
e4 dxe4 26. Qxe4 Nf6 27. Qe5 Nd5 28. Bg3 Rc1 29. Rxc1 Rxc1+ 30. Kh2 Rc8 31. Bd3 Rd8 32. Qe4 Nf6 33. Qe5 Bd6 34. Qxa5 Bxg3+ 35. Kxg3 Qd6+ 36. Qe5 Qxe5+ 37. Nxe5 Rxd4 38. Bb5 Ne4+ 39. Kf3 Nc3 40. Nc6 Rd2 41. Ne5 Nxb5 42. axb5 Rb2 43. Nc6 Rxb5 44.
Nd4 Rb4 45. Ke3 Ra4 46. g4 g5 47. Nf3 Ra3+ 48. Ke4 Kg7 49. h4 Ra4+ 50. Ke5 Rxg4 51.
hxg5 hxg5 52. Nd4 f6+ 0-1

[Event "Early-Titled-Tuesday-Blitz-May-07-2024"]
[Site "Chess.com"]
[Date "2024.05.07"]
[Round "4"]
[White "nochewycandy"]
[Black "doctorcristian"]
[Result "1-0"]
[WhiteElo "2815"]
[BlackElo "2574"]
[TimeControl "180+1"]
[EndTime "8:42:19 PDT"]
[Termination "nochewycandy won on time"]

1. Nf3 g6 2. g3 Bg7 3. Bg2 e5 4. e4 Ne7 5. O-O O-O 6. Nc3 c5 7. d3 Nbc6 8. a4 d6 9. Nd2 f5 10. exf5 gxf5 11. Nd5 Ng6 12. c3 Be6 13. Qh5 Qd7 14.
Nf3 Bh8 15. Ng5 Nd8 16. a5 Rc8 17. Bd2 Qg7 18. Nxe6 Nxe6 19. Rae1 Qf7 20. f4 exf4 21. gxf4 Rfe8 22. Kh1 Ng7 23. Qg5 Rxe1 24. Rxe1 Re8 25. Nf6+ Qxf6 26. Qxf6 Rxe1+ 27. Bxe1 Nxf4 28. Qd8+ Kf7 29. Qxh8 Nxd3 30. Bd5+ Kg6 31. Bh4 Ne5 32. Qc8 1-0

[Event "Early-Titled-Tuesday-Blitz-May-07-2024"]
[Site "Chess.com"]
[Date "2024.05.07"]
[Round "4"]
[White "ploxoi"]
[Black "GMAneta"]
[Result "0-1"]
[WhiteElo "2323"]
[BlackElo "2510"]
[TimeControl "180+1"]
[EndTime "8:42:19 PDT"]
[Termination "GMAneta won by resignation"]

1. d4 Nf6 2. c4 c5 3. d5 e6 4. Nc3 exd5 5. cxd5 d6 6. Nf3 g6 7. g3 Bg7 8. Bg2 a6 9. a4 Nbd7 10. Nd2 Ne5 11. O-O O-O 12. h3 Nh5 13. Kh2 Re8 14. f4 Nd7 15. e4 Rb8 16. Nc4 Qe7 17.
a5 b5 18. axb6 Nxb6 19. Na5 Bd7 20. Nc6 Bxc6 21. dxc6 Qc7 22. Rxa6 Qxc6 23. e5 Qc8 24. Ra7 dxe5 25. Bd5 Nxd5 26. Qxd5 Rf8 27. Ne4 exf4 28. g4 Ng3 29. Nxg3 fxg3+ 30. Kxg3 Rxb2 31. Raxf7 Qb8+ 32. Bf4 Qb3+ 33. Qxb3 Rxb3+ 0-1

[Event "Early-Titled-Tuesday-Blitz-May-07-2024"]
[Site "Chess.com"]
[Date "2024.05.07"]
[Round "4"]
[White "NMChessToImpress"]
[Black "LuisFSiles"]
[Result "0-1"]
[WhiteElo "2265"]
[BlackElo "2491"]
[TimeControl "180+1"]
[EndTime "8:42:19 PDT"]
[Termination "LuisFSiles won by checkmate"]

1. e4 c5 2. Nf3 Nc6 3. d4 cxd4 4. Nxd4 Nf6 5. Nc3 e5 6. Ndb5 d6 7. Bg5 a6 8. Na3 b5 9. Bxf6 gxf6 10. Nd5 f5 11. Bd3 Be6 12. O-O Bg7 13. Qh5 f4 14. c4 b4 15. Nc2 a5 16. Kh1 Ne7 17. g3 Bxd5 18. cxd5 Ng6 19. Bb5+ Kf8 20. Rac1 h6 21. Ne1 Qg5 22. Qxg5 hxg5 23. Rc7 Bf6 24. Nd3 Kg7 25. Rfc1 Rh3 26. Bd7 Rh6 27. Kg2 Rhh8 28. Rb7 Bd8 29. Be6 Rf8 30. Rc6 Kf6 31. Bf5 Be7 32.
Rcc7 Rfe8 33. gxf4 Nh4+ 34. Kg3 exf4+ 35. Kg4 Nxf5 36.
exf5 Rac8 37. f3 Rxc7 38. Rxc7 Rh8 39. Nf2 Rh4# 0-1

[Event "Early-Titled-Tuesday-Blitz-May-07-2024"]
[Site "Chess.com"]
[Date "2024.05.07"]
[Round "4"]
[White "Agibileg"]
[Black "AcostaPablo"]
[Result "0-1"]
[WhiteElo "2885"]
[BlackElo "2623"]
[TimeControl "180+1"]
[EndTime "8:42:20 PDT"]
[Termination "AcostaPablo won by resignation"]

1. d4 Nf6 2. c4 e6 3. Nc3 Bb4 4. a3 Bxc3+ 5. bxc3 O-O 6. f3 d5 7.
cxd5 exd5 8. e3 c5 9. Bd3 Nc6 10. Ne2 Re8 11. O-O b6 12. Ng3 Na5 13. Ra2 Bd7 14. e4 cxd4 15. cxd4 dxe4 16. fxe4 Bg4 17. Be2 Bxe2 18. Rxe2 Nc6 19. Bb2 Rc8 20. Kh1 Rc7 21. d5 Ne5 22. Nf5 Rc4 23. Bd4 g6 24. Ng3 Nfd7 25. Ref2 Qh4 26. Rf4 Qg5 27. Be3 Qe7 28. Bd4 Rec8 29. Bb2 Rc2 30. R4f2 Qc5 31. Rxc2 Qxc2 32.
Qd4 Rc4 33. Qf2 Qxf2 34. Rxf2 Nd3 35. Re2 Nxb2 36. h3 Nd3 37. Kh2 N3e5 38. Nf1 Nc5 39. Ne3 Rxe4 40. d6 Nc4 41. d7 Nxd7 0-1

[Event "Early-Titled-Tuesday-Blitz-May-07-2024"]
[Site "Chess.com"]
[Date "2024.05.07"]
[Round "4"]
[White "LoaySameer"]
[Black "N_I_Chess"]
[Result "1-0"]
[WhiteElo "2519"]
[BlackElo "2333"]
[TimeControl "180+1"]
[EndTime "8:42:20 PDT"]
[Termination "LoaySameer won by resignation"]

1. Nf3 Nf6 2. g3 d5 3. Bg2 Bf5 4. O-O e6 5. d3 Bd6 6. Nbd2 h6 7. b3 O-O 8. Bb2 Nbd7 9. Re1 Bh7 10. e4 dxe4 11.
dxe4 e5 12. Nh4 Qe7 13. Nf5 Bxf5 14. exf5 c6 15. Ne4 Nxe4 16. Bxe4 Rad8 17. Qe2 Nf6 18. Bg2 Rfe8 19. Qc4 e4 20. Rad1 Be5 21. Bc1 Rxd1 22. Rxd1 Bc7 23. Re1 Qe5 24. Bf4 Qe7 25. Bxc7 Qxc7 26. Bxe4 Qe5 27. f3 Qa5 28. b4 Qb6+ 29.
Kg2 Nd5 30. Qc5 Qxb4 31. Qxb4 Nxb4 32. Rb1 Nxa2 33. Rxb7 Nc3 34. Bd3 Ra8 35. Ba6 Nd5 36. c4 Ne3+ 37. Kf2 Nxf5 38. Rc7 Nd4 39. Ke3 c5 40.
Rxc5 Ne6 41. Ra5 Kf8 42. Bb7 Rb8 43. Rxa7 Nc5 44. Bd5 Ne6 45. Bxe6 fxe6 46. Kd4 Rb3 47. c5 Rxf3 48. c6 Rf2 49. Kd3 Rf1 50. Kd2 Rf5 51. c7 Rc5 52. Ra8+ Ke7 53. c8=Q Rxc8 54. Rxc8 Kf6 55.
Ke3 1-0

[Event "Early-Titled-Tuesday-Blitz-May-07-2024"]
[Site "Chess.com"]
[Date "2024.05.07"]
[Round "4"]
[White "zajka-molotok"]
[Black "EvgenyBurmakin"]
[Result "1-0"]
[WhiteElo "2538"]
[BlackElo "2346"]
[TimeControl "180+1"]
[EndTime "8:42:21 PDT"]
[Termination "zajka-molotok won on time"]

1. b3 e5 2. Bb2 Nc6 3. e3 a6 4. Nf3 e4 5. Ne5 Nxe5 6. Bxe5 d6 7. Bb2 Nf6 8. Nc3 Bf5 9. f3 d5 10. fxe4 dxe4 11. Bc4 Bg4 12. Be2 h5 13. O-O Bd6 14.
h3 Qe7 15. hxg4 hxg4 16. Bxg4 Bh2+ 17. Kf2 Qe5 18. Bh3 Qg3+ 19. Ke2 Rxh3 20. gxh3 Qxh3 21.
Rxf6 gxf6 22. Nxe4 Qg4+ 23. Kd3 O-O-O+ 24. Bd4 Qg6 25. Qh1 Be5 26. Rg1 Qf5 27. Rf1 Qe6 28. Nc5 Qb6 29. Qxb7+ Qxb7 30. Nxb7 Kxb7 31. Ke4 Re8 32.
Bxe5 Rxe5+ 33. Kd4 Re6 34. c4 Kc6 35. Rf5 Kd6 36.
e4 1-0

[Event "Early-Titled-Tuesday-Blitz-May-07-2024"]
[Site "Chess.com"]
[Date "2024.05.07"]
[Round "4"]
[White "s_stefi"]
[Black "Gumugama"]
[Result "0-1"]
[WhiteElo "1901"]
[BlackElo "2261"]
[TimeControl "180+1"]
[EndTime "8:42:21 PDT"]
[Termination "Gumugama won by checkmate"]

1. e4 c5 2. Nc3 a6 3. d4 cxd4 4.
Qxd4 Nc6 5. Qd2 Nf6 6. b3 g6 7. Bb2 Bg7 8. O-O-O O-O 9. Kb1 b5 10. f3 d5 11. exd5 Ne5 12. Ne4 Nxe4 13. fxe4 Bd7 14. Nf3 Nxf3 15. gxf3 Bxb2 16. Kxb2 a5 17. a3 Rc8 18. h4 h5 19. f4 Qc7 20. Bd3 Bg4 21.
Rdf1 b4 22. axb4 axb4 23. Qxb4 Be2 24. Qd2 Bxf1 25. Rxf1 Qc5 26. f5 Ra8 27. fxg6 Qa3+ 28. Kc3 Rfc8+ 29. Kd4 Qc5+ 30. Ke5 Qd6+ 31. Kf5 Qf6# 0-1